 Dungeon Crawl Stone Soup version 0.29.1-2-gbd0b4ee654 (webtiles) character file.

Game seed: 9185398575717173730

1050 kyanize the Trooper (level 8, -10/71 HPs)
             Began as a Minotaur Berserker on Nov 14, 2022.
             Was a Believer of Trog.
             Killed by an exploding orc wizard (12 damage)
             ... ignited by their inner flame
             ... on level 6 of the Dungeon.
             The game lasted 00:22:04 (5568 turns).

kyanize the Trooper (Minotaur Berserker)            Turns: 5568, Time: 00:22:05

Health: -10/71     AC: 15    Str: 24    XL:     8   Next: 5%
Magic:  7/7        EV:  9    Int:  4    God:    Trog [**....]
Gold:   259        SH:  0    Dex: 10    Spells: 7/7 levels left

rFire   + . .      SeeInvis .   a - +0 mace
rCold   x . .      Faith    .   (no shield)
rNeg    . . .      Spirit   .   B - +0 chain mail
rPois   .          Reflect  .   (helmet unavailable)
rElec   .          Harm     .   v - +0 cloak
rCorr   .          Rampage  .   p - +2 pair of gloves
Will    ++...                   j - +0 pair of boots
Stlth   ..........              (no amulet)
HPRegen 1.21/turn               d - ring of fire
MPRegen 0.10/turn               (no ring)

@: strong-willed (expiring), regenerating (expiring)
A: horns 3, retaliatory headbutt, hooves 1, high MP 1
a: Renounce Religion, Berserk, Trog's Hand


You were on level 6 of the Dungeon.
You worshipped Trog.
Trog was pleased with you.
You visited 1 branch of the dungeon, and saw 6 of its levels.

You collected 259 gold pieces.

Inventory:

Hand Weapons
 a - a +0 mace (weapon)
 h - a +1 dagger of electrocution
 i - a +4 dagger
 s - a +0 shortbow
 u - a +1 dagger of draining
 x - a +0 sling
 y - a +2 dagger of holy wrath
Missiles
 b - 17 stones
 e - 4 poisoned darts (quivered)
 r - 3 large rocks
 w - 3 boomerangs
Armour
 j - a +0 pair of boots (worn)
 p - a +2 pair of gloves (worn)
 t - the +0 ring mail of Emahon {rElec rCorr Str-5 Dex+5}
   (You found it on level 4 of the Dungeon)

   Str:       It affects your strength (-5).
   Dex:       It affects your dexterity (+5).
   rElec:     It insulates you from electricity.
   rCorr:     It protects you from acid and corrosion.
 v - a +0 cloak (worn)
 A - an orb of energy
 B - a +0 chain mail (worn)
Magical Staves
 c - a staff of fire
Jewellery
 d - a ring of fire (left hand)
Wands
 z - a wand of mindburst (6)
Scrolls
 g - 3 scrolls of teleportation
Potions
 f - a potion of might
 l - 3 potions of degeneration
 m - a potion of haste
 n - 2 potions of invisibility
 o - a potion of flight


   Skills:
 + Level 6.3 Fighting
 + Level 5.0 Long Blades
 + Level 5.9 Maces & Flails
 + Level 5.7 Armour
 + Level 4.1 Dodging
 + Level 1.5 Stealth


You had 7 spell levels left.
You didn't know any spells.
Your spell library contained the following spells:

 Spells                   Type           Power      Damage    Failure   Level
 Stone Arrow              Conj/Erth      0%         3d7       100%        3
 Animate Armour           Summ/Erth      0%         N/A       100%        4
 Lehudib's Crystal Spear  Conj/Erth      0%         10d2      100%        8


Dungeon Overview and Level Annotations

Branches:
Dungeon (6/15)             Temple (0/1) D:4

Altars:
Elyvilon
Nemelex Xobeh
Uskayaw
Xom
Yredelemnul


Innate Abilities, Weirdness & Mutations

You have a pair of large horns on your head.
You reflexively headbutt those who attack you in melee.
You have large cloven feet.
You have an increased reservoir of magic. (+10% MP)


Message History

As you read the scroll of immolation, it crumbles to dust.
The creatures around you are filled with an inner flame!
You hear some strange, mumbled words.
A puff of flame appears from out of thin air!
The puff of flame misses you. The orc warrior barely misses you.
You furiously retaliate!
You headbutt the orc warrior, but do no damage.
The howler monkey hits you.
* * * LOW HITPOINT WARNING * * *
Okay, then.
You feel better. The orc barely misses you.
Something hits you but does no damage.
The orc warrior hits you with a +0 battleaxe!
* * * LOW HITPOINT WARNING * * *
The howler monkey hits you.
* * * LOW HITPOINT WARNING * * *
You feel better.
You feel the effects of Trog's Hand fading.
The orc hits you but does no damage. Something hits you but does no damage.
The orc warrior hits you with a +0 battleaxe!
* * * LOW HITPOINT WARNING * * *
The howler monkey misses you.
You feel better. The howler monkey barely misses you. You furiously retaliate!
You headbutt the howler monkey! Trog accepts your kill.
The howler monkey explodes!
The fiery explosion engulfs you! You resist.
* * * LOW HITPOINT WARNING * * *
The fiery explosion engulfs the orc!!!
Trog accepts your kill.
The fiery explosion engulfs the orc warrior!!!
Trog accepts your kill.
The fiery explosion engulfs something!!!
Trog accepts your kill.
Trog appreciates your killing of a magic user.
Reactivating autopickup.
You feel a bit more experienced.
The orc wizard explodes!
The fiery explosion engulfs you! You resist.
You die...

..... ......
...... ....#.
......####
.......§§####
......§§@§..#
......§)###....?
........# ...
........# .
.......<#
...........#
......#.##.....
###...#.. #..>
#?..... ##


There were no monsters in sight!

Vanquished Creatures
  Sigmund (D:4)
  An orc warrior (D:6)
  A black bear (D:4)
  2 ogres
  2 scorpions (D:5)
  A necrophage (D:5)
  A howler monkey (D:6)
  2 hounds
  2 orc priests (D:2)
  4 iguanas
  2 orc wizards (D:6)
  4 gnolls (D:4)
  8 adders
  2 ufetubi (D:5)
  4 worms
  2 dart slugs
  8 orcs
  3 ball pythons
  6 endoplasms
  A giant cockroach (D:3)
  7 goblins
  4 hobgoblins
  3 quokkas
  7 bats
  3 frilled lizards
  7 kobolds
  4 rats
92 creatures vanquished.

Notes
Turn   | Place    | Note
-------+----------+-------------------------------------------
     0 | D:1      | kyanize the Minotaur Berserker began the quest for the Orb.
     0 | D:1      | Reached XP level 1. HP: 19/19 MP: 0/0
   472 | D:1      | Reached XP level 2. HP: 15/27 MP: 1/1
   707 | D:1      | Gained mutation: You have large cloven feet. [potion of
                  | mutation]
   707 | D:1      | Gained mutation: You have an increased reservoir of magic.
                  | (+10% MP) [potion of mutation]
   707 | D:1      | Gained mutation: You have a pair of large horns on your
                  | head. [potion of mutation]
   874 | D:2      | Reached skill level 4 in Fighting
   934 | D:2      | Reached XP level 3. HP: 20/33 MP: 2/2
  1539 | D:2      | Reached XP level 4. HP: 36/41 MP: 3/3
  2081 | D:3      | Found a hide-covered altar of Uskayaw.
  2114 | D:3      | Reached skill level 1 in Maces & Flails
  2204 | D:3      | Found a faded altar of an unknown god.
  2292 | D:3      | Reached XP level 5. HP: 47/47 MP: 4/4
  2313 | D:3      | Reached ** piety under Trog
  2556 | D:3      | Found a sparkling altar of Nemelex Xobeh.
  2831 | D:4      | Noticed an ogre
  2838 | D:4      | Killed an ogre
  2839 | D:4      | Reached skill level 5 in Fighting
  2985 | D:4      | Noticed a black bear
  2992 | D:4      | Killed a black bear
  2993 | D:4      | Reached skill level 1 in Stealth
  2993 | D:4      | Reached XP level 6. HP: 56/56 MP: 5/5
  3090 | D:4      | Noticed Sigmund
  3098 | D:4      | Killed Sigmund
  3099 | D:4      | Reached skill level 5 in Long Blades
  3099 | D:4      | Reached XP level 7. HP: 62/62 MP: 6/6
  3257 | D:4      | Identified the +0 ring mail of Emahon {rElec rCorr Str-5
                  | Dex+5}
  3277 | D:4      | Found a basalt altar of Yredelemnul.
  3890 | D:4      | Reached skill level 6 in Fighting
  4005 | D:4      | Found a staircase to the Ecumenical Temple.
  4065 | D:4      | Found a white marble altar of Elyvilon.
  4198 | D:5      | Entered Level 5 of the Dungeon
  4214 | D:5      | Found a shimmering altar of Xom.
  4376 | D:5      | Reached skill level 5 in Maces & Flails
  4391 | D:5      | Reached skill level 5 in Armour
  4923 | D:5      | Reached XP level 8. HP: 64/70 MP: 7/7
  5568 | D:6      | HP: 2/71 [spore (15)]
  5568 | D:6      | Killed by an exploding orc wizard... ignited by their inner
                  | flame

Illustrated notes

Levels and vault maps discovered:
D:1:      giann_horns, layout_basic
D:2:      layout_rooms, minmay_misc_feat_enclosed
D:3:      layout_loops_cross, amcnicky_altar_gilded, nemelex_spade_bored_becter,
          ebering_ecumenical_altar_sacrificial
D:4:      layout_gridville, kennysheep_ying_yang, lemuel_temple_firewalk_b,
          hangedman_decor_push, st_stairs_14, uniq_sigmund
D:5:      layout_loops_corners, mainiacjoe_overflow_tiny_flanked,
          nicolae_concentric_dashed_squares_mild, minmay_diced_spiral
D:6:      layout_rooms, mainiacjoe_overflow_surrounded_room, uniq_edmund

Skill      XL: |  1  2  3  4  5  6  7 |
---------------+----------------------+-----
Long Blades    | 4 5 |  5.0
Fighting       | 4 5 6 |  6.3
Dodging        | 3 4 |  4.1
Maces & Flails | 1 3 4 5 |  5.9
Armour         | 3 5 |  5.7
Stealth        | 1 |  1.5

Action                   |  1- 3 |  4- 6 |  7- 9 || total
-------------------------+-------+-------+-------++-------
Melee: Falchion          |    44 |       |       ||    44
       Headbutt          |     8 |     8 |    11 ||    27
       Kick              |     8 |    18 |    27 ||    53
       Mace              |    11 |    66 |    90 ||   167
       Hand axe          |     1 |       |       ||     1
Invok: Berserk           |     2 |       |       ||     2
       Trog's Hand       |       |     3 |     5 ||     8
  Use: Potion            |     5 |     1 |     5 ||    11
       Scroll            |     4 |     6 |     3 ||    13
Armor: Animal skin       |     4 |       |       ||     4
       Leather armour    |     5 |     4 |       ||     9
       Ring mail         |       |    15 |    18 ||    33
       Chain mail        |       |       |    19 ||    19
Dodge: Dodged            |    43 |    41 |    45 ||   129
